 Dungeon Crawl Stone Soup version 0.31-a0-133-gaae73658be (console) character file.

Game seed: 2806782454969907679

36 Ignak the Ogre Mage (level 3, 0/31 HPs)
             Began as an Ogre Hedge Wizard on June 2, 2023.
             Succumbed to an adder's poison
             ... on level 2 of the Dungeon.
             The game lasted 00:03:39 (1405 turns).

Ignak the Ogre Mage (Ogre Hedge Wizard)             Turns: 1405, Time: 00:03:39

Health: 0/31       AC:  3    Str: 14    XL:     3   Next: 37%
Magic:  1/8        EV:  9    Int: 17    God:
Gold:   37         SH:  0    Dex:  8    Spells: 1/9 levels left

rFire   . . .        g - +0 mace
rCold   . . .        (no shield)
rNeg    . . .        b - +0 robe
rPois   .            c - +0 hat
rElec   .            (no cloak)
rCorr   .            (gloves unavailable)
SInv    .            (boots unavailable)
Will    .....        (no amulet)
Stlth   +            (no ring)
HPRegen 0.25/turn    (no ring)
MPRegen 0.11/turn

%: no passive effects
@: mighty, lethally poisoned (0 -> -3), on blink cooldown
A: large, unfitting armour, tough skin 1
a: no special abilities


You were on level 2 of the Dungeon.
You visited 1 branch of the dungeon, and saw 2 of its levels.

You collected 37 gold pieces.

Inventory:

Hand Weapons
 g - a +0 mace (weapon)
Missiles
 e - 3 poisoned darts (quivered)
Armour
 b - a +0 robe (worn)
 c - a +0 hat (worn)
Scrolls
 f - 3 scrolls of identify {unknown}
 h - a scroll of teleportation {unknown}
Potions
 d - a potion of magic
 i - a potion of haste {unknown}


   Skills:
 + Level 0.0 Fighting
 + Level 2.1 Dodging
 - Level 1.7 Stealth
 + Level 3.8 Spellcasting
 + Level 1.4 Conjurations
 - Level 1.3 Summonings
 + Level 1.2 Translocations
 + Level 0.0 Air Magic
 + Level 0.0 Poison Magic


You had one spell level left.
You knew the following spells:

 Your Spells              Type           Power      Damage    Failure   Level
a - Magic Dart            Conj           32%        1d4       9%          1
b - Blink                 Tloc           14%        N/A       14%         2
d - Mephitic Cloud        Conj/Pois/Air  4%         N/A       36%         3
e - Call Imp              Summ           16%        N/A       14%         2

Your spell library contained the following spells:

 Spells                   Type           Power      Damage    Failure   Level
 Slow                     Hex            12%        N/A       16%         1
 Cigotuvi's Dreadful Rot  Necr/Pois/Air  6%         N/A       24%         2


Dungeon Overview and Level Annotations

Branches:
Dungeon (1/15)

Altars:

Annotations:
D:2 Jessica


Innate Abilities, Weirdness & Mutations

You are too large for most types of armour.
You have tough skin. (AC +1)


Message History

You are poisoned.
The adder poisons you!
Your cerulean imp closely misses the adder.
The adder closely misses you.
You barely miss the adder.
You feel sick. The adder barely misses you.
Your cerulean imp closely misses the adder.
Jessica gestures wildly while chanting.
Jessica blinks!
The adder bites you but does no damage.
Your cerulean imp hits the adder but does no damage.
You barely miss the adder.
You feel sick.
Your cerulean imp disappears in a puff of smoke!
The adder bites you. The adder bites you but does no damage.
You barely miss the adder.
You feel sick.
You are no longer poisoned.
The adder bites you.
You are poisoned.
The adder poisons you! The adder bites you but does no damage.
You miss the adder.
You feel sick. The adder bites you but does no damage. The adder bites you.
* * * LOW HITPOINT WARNING * * *
You are lethally poisoned!
The adder poisons you!
You closely miss the adder.
* * * LOW HITPOINT WARNING * * *
You feel very sick.
Jessica casts a spell.
Jessica blinks!
The adder bites you but does no damage.
Jessica casts a spell.
Jessica blinks!
Casting: Call Imp (safe; 14% risk of failure)
Confirm with . or Enter, or press ? or * to list all spells.
You blink.
A hobgoblin comes into view.
* * * LOW HITPOINT WARNING * * *
You feel sick. Jessica closely misses you.
Jessica gestures wildly while chanting.
Jessica blinks!
It was a potion of might.
You feel very mighty all of a sudden.
You die...

..# #.# #.#
############
#.####...........
###
#.#.§...§........
..
###.#.###S.@.##~#
#. #.....#
#..###≈≈#
#.##.#.#.#
#.@~≈≈≈#≈
#..††....#
#.##≈#≈≈≈≈
####.#)#.#
#g#≈≈≈≈≈≈#
#.....###.≈≈≈≈≈≈≈
###.#...†.##≈#≈#≈≈
#..#####..# ≈≈≈ ≈
..... ...# ≈≈#


You could see an adder, Jessica (fast) and a hobgoblin.

Vanquished Creatures
  3 ball pythons
  2 endoplasms (D:1)
  3 jackals (D:1)
  4 kobolds (D:1)
  2 quokkas (D:1)
  2 bats (D:1)
  A frilled lizard (D:1)
  2 goblins (D:1)
  2 rats (D:1)
21 creatures vanquished.

Vanquished Creatures (collateral kills)
  2 bats
  2 endoplasms (D:1)
  A goblin (D:2)
  A hobgoblin (D:1)
  2 quokkas
  A frilled lizard (D:1)
  A kobold (D:1)
  A rat (D:1)
11 creatures vanquished.

Grand Total: 32 creatures vanquished

Notes
Turn   | Place    | Note
-------+----------+-------------------------------------------
     0 | D:1      | Ignak the Ogre Hedge Wizard began the quest for the Orb.
     0 | D:1      | Reached XP level 1. HP: 16/16 MP: 5/5
    31 | D:1      | Reached skill level 1 in Conjurations
    58 | D:1      | Reached skill level 1 in Summonings
    74 | D:1      | Reached skill level 1 in Translocations
    92 | D:1      | Reached XP level 2. HP: 19/24 MP: 1/6
   187 | D:1      | Learned a level 2 spell: Blink
   190 | D:1      | Learned a level 2 spell: Call Imp
   607 | D:1      | Found a faded altar of an unknown god.
   782 | D:1      | Reached XP level 3. HP: 27/31 MP: 5/8
  1331 | D:1      | You fall into a shaft and drop 1 floor!
  1370 | D:2      | Learned a level 3 spell: Mephitic Cloud
  1381 | D:2      | Noticed Jessica
  1404 | D:2      | HP: 1/31 [poisoned by an adder]
  1405 | D:2      | Succumbed to an adder's poison

Illustrated notes

Levels and vault maps discovered:
D:1:      dpeg_arrival_rhombus, layout_loops_corners,
          hellmonk_ecumenical_altar_zigzags, solitary_fountain,
          minmay_misc_feat_enclosed
D:2:      layout_loops_ring, minivault_4, uniq_jessica, uniq_robin

Skill      XL: |  1  2 |
---------------+-------+-----
Conjurations   | 1 |  1.4
Summonings     | 1 |  1.3
Translocations | 1 |  1.2
Dodging        | 2 |  2.1
Stealth        | |  1.7
Spellcasting   | |  3.8

Action                     || total
---------------------------++-------
  Melee: Dagger            ||    37
         Club              ||    54
         Mace              ||    35
         Punch             ||     1
   Cast: Magic Dart        ||    12
         Call Imp          ||    11
         Mephitic Cloud    ||     1
         Blink             ||     1
    Use: Potion            ||     1
   Stab: Sleeping          ||     2
 Armour: Robe              ||    65
  Dodge: Dodged            ||   106

Table legend: (Time is in decaauts)
 A = Elapsed time spent in this place.
 B = Non-inter-level travel time spent in this place.
 C = Inter-level travel time spent in this place.
 D = Time resting spent in this place.
 E = Time spent auto-exploring this place.
 F = Levels seen in this place.
 G = Mean time per level.
                   A        B        C        D        E       F      G
               +--------+--------+--------+--------+--------+-----+--------+
         Total |   1434 |   1434 |      0 |    122 |    869 |   2 |  717.0 |
       Dungeon |   1434 |   1434 |      0 |    122 |    869 |   2 |  717.0 |
               +--------+--------+--------+--------+--------+-----+--------+

Top non-repeatable levels by time:
     D:1: 1352 daAuts
     D:2: 81 daAuts
